 Dungeon Crawl Stone Soup version 0.18.1-50-g88ac8fd (webtiles) character file.

381 lorenzova the Poker (level 6, -2/50 HPs)
             Began as a Merfolk Skald on Oct 18, 2016.
             Slain by a gnoll
             ... wielding a +0 spear
              (3 damage)
             ... on level 4 of the Dungeon.
             The game lasted 00:04:51 (4036 turns).

lorenzova the Poker (Merfolk Skald)                 Turns: 4036, Time: 00:04:52

Health: -2/50      AC:  5    Str: 14    XL:     6   Next: 75%
Magic:  5/9        EV:  7    Int: 12    God:
Gold:   221        SH:  0    Dex: 13    Spells: 2 memorised, 6 levels left

rFire  . . .     SeeInvis .     i - +1 spear
rCold  . . .     Gourm    .     p - +0 ring mail
rNeg   + . .     Faith    .     (no shield)
rPois  +         Spirit   .     (no helmet)
rElec  .         Dismiss  .     (no cloak)
rCorr  .         Reflect  .     (no gloves)
SustAt .         Harm     .     (no boots)
MR     .....                    (no amulet)
Stlth  +.........               l - ring of positive energy
                                j - ring of poison resistance

@: infused (expiring), not resistant to hostile enchantments, very unstealthy
A: change form in water, swift swim
a: no special abilities


You were on level 4 of the Dungeon.
You were hungry.

You visited 1 branch of the dungeon, and saw 4 of its levels.

You collected 221 gold pieces.

Inventory:

Hand Weapons
 i - a +1 spear (weapon)
Armour
 b - a +0 leather armour
 p - a +0 ring mail (worn)
Jewellery
 j - a ring of poison resistance (left hand)
 l - a ring of positive energy (right hand)
Scrolls
 g - 3 scrolls of enchant weapon
 h - a scroll of magic mapping {unknown}
 m - a scroll of fear {unknown}
 n - a scroll of immolation {unknown}
 s - 2 scrolls of identify {unknown}
Potions
 a - 2 potions of brilliance {unknown}
 e - a potion of heal wounds {unknown}
 r - a potion of might {unknown}
Books
 c - a book of Battle

   Spells                             Type                      Level
   a - Infusion                       Charms                       1
   b - Shroud of Golubria             Charms/Translocation         2
   c - Song of Slaying                Charms                       2
   d - Spectral Weapon                Hexes/Charms                 3
   e - Regeneration                   Charms/Necromancy            3
Comestibles
 d - 2 bread rations
 f - a beef jerky
 k - a meat ration
 o - a royal jelly


   Skills:
 + Level 4.8 Fighting
 + Level 6.2 Polearms
 - Level 0.6 Armour
 + Level 5.0 Dodging
 - Level 2.0 Spellcasting
 - Level 3.2 Charms


You had 6 spell levels left.
You knew the following spells:

 Your Spells              Type           Power        Failure   Level  Hunger
a - Infusion              Chrm           #...         17%         1    ##.....
b - Song of Slaying       Chrm           #.......     24%         2    ###....


Dungeon Overview and Level Annotations

Branches:
Dungeon (4/15)
 Temple: D:4-7

Altars:
Dithmenos
Elyvilon
Fedhas
Gozag
Okawaru
Trog
Xom
Zin


Message History

Aim: a gnoll, wielding a spear (fast)
You reach to attack!
You hit the gnoll!
The gnoll is severely wounded.
The gnoll hits you from afar with a spear.
Attack whom?
Press: ? - help, Dir - move target cursor, f/p - gnoll
Aim: a gnoll, wielding a spear (severely wounded, fast)
You reach to attack!
You closely miss the gnoll.
The gnoll is severely wounded.
The gnoll hits you from afar with a spear!
* * * LOW HITPOINT WARNING * * *
You are too injured to fight recklessly!
The gnoll barely misses you. The gnoll misses you.
Your magical infusion is running out.
The gnoll hits you from afar with a spear!
* * * LOW HITPOINT WARNING * * *
There is a stone staircase leading down here.
The gnoll hits you from afar with a spear.
You die...

... .....
...###.#g# .#
#.....#.# # ###.#
.#..#..#.# #.#.#.#
.........# .#...
.........# ...#
.........# #..#
.........######..#
########..)...g.@#
##.#####.##
#....###.#
#.........
#..........
#.)......... .
...#.##'#####.####
.......#........#
......
#............


You could see a gnoll.

Vanquished Creatures
  The ghost of lorenzova the Poker, an amateur MfSk (D:3)
  A scorpion (D:4)
  A gnoll shaman (D:4)
  3 worker ants
  3 gnolls
  5 adders
  An ooze (D:1)
  2 worms (D:2)
  3 giant geckos
  2 orcs (D:4)
  11 bats
  4 giant cockroaches
  7 goblins
  11 hobgoblins
  4 jackals
  3 kobolds
  3 quokkas
  A giant newt (D:3)
  7 rats
73 creatures vanquished.

Notes
Turn   | Place    | Note
--------------------------------------------------------------
     0 | D:1      | lorenzova the Merfolk Skald began the quest for the Orb.
     0 | D:1      | Reached XP level 1. HP: 16/16 MP: 3/3
   132 | D:1      | Reached XP level 2. HP: 23/23 MP: 5/5
   147 | D:1      | Learned a level 2 spell: Song of Slaying
   705 | D:1      | HP: 1/23 [gnoll/spear (1)]
   706 | D:1      | Reached XP level 3. HP: 1/28 MP: 0/6
  1371 | D:2      | Noticed an angel
  1372 | D:2      | Found a glowing silver altar of Zin.
  1373 | D:2      | Found a shimmering altar of Xom.
  1401 | D:2      | Reached skill level 4 in Polearms
  1626 | D:2      | Reached XP level 4. HP: 23/35 MP: 1/7
  2599 | D:3      | Found a bloodstained altar of Trog.
  2747 | D:3      | Found a blossoming altar of Fedhas.
  2789 | D:3      | Noticed lorenzova's ghost (amateur MfSk)
  2817 | D:3      | Killed lorenzova's ghost
  2817 | D:3      | Reached skill level 5 in Polearms
  2817 | D:3      | Reached XP level 5. HP: 19/42 MP: 0/8
  3285 | D:3      | Found an opulent altar of Gozag.
  3286 | D:3      | Found a shadowy altar of Dithmenos.
  3286 | D:3      | Found an iron altar of Okawaru.
  3473 | D:4      | Reached XP level 6. HP: 38/49 MP: 3/9
  3685 | D:4      | Found a white marble altar of Elyvilon.
  3895 | D:4      | Reached skill level 6 in Polearms
  4026 | D:4      | Reached skill level 5 in Dodging
  4035 | D:4      | HP: 1/50 [gnoll/spear (11)]
  4036 | D:4      | Slain by a gnoll

Skill      XL: |  1  2  3  4  5  6 |
---------------+-------------------+-----
Dodging        | 2 3 4 5 |  5.0
Fighting       | 3 4 |  4.8
Polearms       | 4 5 6 |  6.2
Armour         | |  0.6
Spellcasting   | |  2.0
Charms         | |  3.2

Action                   |  1- 3 |  4- 6 || total
-------------------------+-------+-------++-------
Melee: Spear             |   136 |   192 ||   328
 Cast: Infusion          |     4 |    10 ||    14
       Song of Slaying   |       |     1 ||     1
  Use: Scroll            |       |     1 ||     1
 Stab: Sleeping          |     1 |       ||     1
  Eat: Chunk             |     2 |     8 ||    10
Armor: Leather armour    |    22 |    21 ||    43
       Ring mail         |       |     7 ||     7
Dodge: Dodged            |    64 |    81 ||   145
